 Dungeon Crawl Stone Soup version 0.29.1-2-gbd0b4ee654 (webtiles) character file.

Game seed: 7845463982847077857

88 raistware the Conjurer (level 4, -1/27 HPs)
             Began as an Octopode Conjurer on Oct 28, 2022.
             Slain by an orc
             ... wielding a +0 club
              (3 damage)
             ... on level 3 of the Dungeon.
             The game lasted 00:07:51 (3140 turns).

raistware the Conjurer (Octopode Conjurer)          Turns: 3140, Time: 00:07:52

Health: -1/27      AC:  1    Str:  6    XL:     4   Next: 54%
Magic:  4/10       EV: 13    Int: 22    God:
Gold:   108        SH:  0    Dex: 10    Spells: 3/11 levels left

rFire   + . .      SeeInvis .   (no weapon)
rCold   . . .      Faith    .   (no shield)
rNeg    . . .      Spirit   .   (helmet restricted)
rPois   .          Reflect  .   (no amulet)
rElec   .          Harm     .   c - ring of protection from fire
rCorr   .          Rampage  .   (no ring)
Will    .....                   (no ring)
Stlth   +++.......              (no ring)
HPRegen 0.09/turn               (no ring)
MPRegen 0.12/turn               (no ring)
                                (no ring)
                                (no ring)

@: no status effects
A: almost no armour, amphibious, 8 rings, camouflage 1, gelatinous body 1,
(nimble swimmer 1), tentacles
a: no special abilities


You were on level 3 of the Dungeon.
You visited 1 branch of the dungeon, and saw 3 of its levels.

You collected 108 gold pieces.

Inventory:

Missiles
 i - 6 poisoned darts
Jewellery
 c - a ring of protection from fire (left tentacle)
Wands
 h - a wand of charming (2)
Scrolls
 b - 2 scrolls of enchant weapon {unknown}
 d - a scroll of vulnerability {unknown}
 j - a scroll of amnesia {unknown}
 k - a scroll of butterflies {unknown}
Potions
 a - a potion of magic
 e - 3 potions of curing {unknown}
 g - a potion of attraction {unknown}
 l - a potion of might {unknown}


   Skills:
 - Level 2.0 Dodging
 - Level 2.6 Stealth
 - Level 4.0 Spellcasting
 - Level 4.0 Conjurations
 + Level 1.4 Translocations


You had 3 spell levels left.
You knew the following spells:

 Your Spells              Type           Power      Damage    Failure   Level
a - Magic Dart            Conj           88%        1d7       2%          1
b - Iskenderun's Mystic   Conj/Tloc      16%        2d5       36%         4
c - Stone Arrow           Conj/Erth      26%        3d8       14%         3

Your spell library contained the following spells:

 Spells                   Type           Power      Damage    Failure   Level
 Searing Ray              Conj           44%        2d6       3%          2
 Sandblast                Erth           8%         2d5       11%         1
 Dazzling Flash           Conj/Hex       26%        N/A       14%         3
 Passwall                 Tmut/Erth      3%         N/A       17%         2
 Fulminant Prism          Conj/Hex       6%         3d7       43%         4


Dungeon Overview and Level Annotations

Branches:
Dungeon (3/15)

Altars:

Annotations:
D:2 exclusions: 2 orcs and orc priest, Sigmund


Innate Abilities, Weirdness & Mutations

You cannot wear most types of armour.
You are amphibious.
You can wear up to eight rings at the same time.
Your skin changes colour to match your surroundings (Stealth+).
Your rubbery body absorbs attacks. (AC +1, EV +1)
((You are camouflaged when in or above water. (Stealth+)))
You have tentacles for arms and can constrict up to eight enemies at once.


Message History

You constrict the orc, but do no damage.
The orc closely misses you.
The orc wizard gestures wildly while chanting.
The orc wizard flickers and vanishes!
Deactivating autopickup; reactivate with Ctrl-A.
Your magical contamination has completely faded away.
Aiming: Charm
Press: ? - help, Shift-Dir - straight line, f/p - orc
Aim: an orc, wielding a +0 flail and wearing a +0 chain mail (moderately wounded, constricted by you, chance to affect: 66%)
Okay, then.
You tentacle-slap the orc but do no damage.
The orc is moderately wounded.
You constrict the orc. The orc misses you.
You tentacle-slap the orc but do no damage.
You squeeze the orc, but do no damage.
The orc is heavily wounded.
You constrict the orc, but do no damage.
The orc hits you with a +0 flail!
You tentacle-slap the orc but do no damage.
You squeeze the orc.
You kill the orc!
Aiming: Charm
Press: ? - help, Shift-Dir - straight line The orc struggles to resist.
The orc hits you with a +0 club.
Aiming: Charm
Press: ? - help, Shift-Dir - straight line The orc struggles to resist.
The orc hits you with a +0 club.
* * * LOW HITPOINT WARNING * * *
You tentacle-slap the orc. Your grab misses the orc.
The orc is moderately wounded.
The orc misses you. The orc attacks as you move away!
The orc hits you with a +0 club.
* * * LOW HITPOINT WARNING * * *
Throw: throwing net
Press: ? - help, Shift-Dir - straight line, f - orc
Aim: an orc, wielding a +0 club (moderately wounded, 54% to hit)
You throw a throwing net.
The throwing net closely misses the orc.
The orc hits you with a +0 club.
You die...

#.#.....#
#)#.#.#.#
#.#.#.#.#
#.#.#.#.#
#.#.#.#.#
#.#.#.#.#
#)#...#.#
#.#####.##
#(.o@....#
#.########
###


You could see an orc.

Vanquished Creatures
  A gnoll (D:1)
  2 worms (D:2)
  2 dart slugs (D:2)
  3 orcs
  8 endoplasms
  2 giant cockroaches (D:1)
  3 goblins (D:1)
  6 hobgoblins
  7 jackals
  5 kobolds
  3 quokkas
  4 ball pythons
  4 bats
  4 frilled lizards (D:1)
  3 rats
57 creatures vanquished.

Notes
Turn   | Place    | Note
-------+----------+-------------------------------------------
     0 | D:1      | raistware the Octopode Conjurer began the quest for the
                  | Orb.
     0 | D:1      | Reached XP level 1. HP: 11/11 MP: 3/3
   183 | D:1      | Reached XP level 2. HP: 6/17 MP: 1/5
  1095 | D:1      | Reached XP level 3. HP: 11/21 MP: 1/7
  1781 | D:1      | You fall into a shaft and drop 1 floor!
  1895 | D:2      | Reached XP level 4. HP: 27/27 MP: 3/9
  1966 | D:2      | Learned a level 4 spell: Iskenderun's Mystic Blast
  2498 | D:2      | Reached skill level 1 in Translocations
  2665 | D:2      | Noticed Sigmund
  2792 | D:2      | Learned a level 3 spell: Stone Arrow
  3139 | D:3      | HP: 1/27 [orc/+0 club (5)]
  3140 | D:3      | Slain by an orc

Illustrated notes

Levels and vault maps discovered:
D:1:      minmay_arrival_diagonal_passages, layout_loops_corners, minivault_14,
          minmay_misc_feat_roman, minivault_5
D:2:      cheibrodos_pilgrimage, layout_basic, uniq_sigmund
D:3:      layout_basic, gammafunk_ghost_mausoleum

Skill      XL: |  1  2  3  4 |
---------------+-------------+-----
Spellcasting   | 3 4 |  4.0
Translocations | 1 |  1.4
Dodging        | |  2.0
Stealth        | |  2.6
Conjurations   | |  4.0

Action                   |  1- 3 |  4- 6 || total
-------------------------+-------+-------++-------
Melee: Unarmed           |     9 |     8 ||    17
       Tentacles         |     4 |     2 ||     6
       Constrict         |     2 |     1 ||     3
Throw: Throwing net      |       |     1 ||     1
 Cast: Magic Dart        |    76 |    42 ||   118
Evoke: Wand              |       |     2 ||     2
 Stab: Sleeping          |       |     1 ||     1
Dodge: Dodged            |    19 |     4 ||    23
